TOP OF THE 1ST |
San Jose Bees batting - Pitching for Stockton Ports : RHP Bryn Smith
|
Pitching: RHP Bryn Smith
|
|
Batting: RHB Anthony Laurenzi
|
0-0: Called Strike 0-1: Foul Ball, location: 2F 0-2: Strikes out looking
|
Batting: RHB Ron MacDonald
|
0-0: Ball 1-0: Called Strike 1-1: SINGLE (Line Drive, 9S, EV 95.0 MPH)
|
Batting: LHB Stanley Davis
|
0-0: Fly out, F6 (Line Drive, 6, EV 65.0 MPH)
|
Batting: RHB Ricky McMullen
|
0-0: Ball Ron MacDonald is caught stealing 2nd base 2-4
|
Top of the 1st over - 0 runs, 1 hit, 0 errors, 0 left on base; San Jose 0 - Stockton 0 |
BOTTOM OF THE 1ST |
Stockton Ports batting - Pitching for San Jose Bees : RHP Frank Wills
|
Pitching: RHP Frank Wills
|
|
Batting: RHB Ramon Valdez
|
0-0: Called Strike 0-1: SINGLE (Flyball, 3D, EV 98.1 MPH)
|
Batting: RHB Pasquale Raimondo
|
Balk! Ramon Valdez to second 0-0: Ball 1-0: Called Strike 1-1: Ground out 6-3 (Groundball, 6, EV 87.5 MPH) Ramon Valdez to third
|
Batting: LHB Christopher O'Brien
|
0-0: Ball 1-0: Foul Ball, location: 2F 1-1: Foul Ball, location: 2F 1-2: Ball 2-2: Ground out 4-3 (Groundball, 4, EV 110.6 MPH) Ramon Valdez scores
|
Batting: SHB Tracy Edwards
|
0-0: Foul Ball, location: 2F 0-1: Ball 1-1: Ball 2-1: Foul Ball, location: 2F 2-2: Foul Ball, location: 2F 2-2: Ball 3-2: Ground out 4-3 (Groundball, 4, EV 90.6 MPH)
|
Bottom of the 1st over - 1 run, 1 hit, 0 errors, 0 left on base; San Jose 0 - Stockton 1 |
TOP OF THE 2ND |
San Jose Bees batting - Pitching for Stockton Ports : RHP Bryn Smith
|
Batting: RHB Ricky McMullen
|
0-0: Ball 1-0: Called Strike 1-1: Swinging Strike 1-2: Strikes out swinging
|
Batting: RHB Michael Parker
|
0-0: Foul Ball, location: 2F 0-1: Ball 1-1: Called Strike 1-2: Ball 2-2: Strikes out swinging
|
Batting: RHB Timothy Wallace
|
0-0: Called Strike 0-1: Foul Ball, location: 2F 0-2: Ball 1-2: Strikes out swinging
|
Top of the 2nd over - 0 runs, 0 hits, 0 errors, 0 left on base; San Jose 0 - Stockton 1 |
BOTTOM OF THE 2ND |
Stockton Ports batting - Pitching for San Jose Bees : RHP Frank Wills
|
Batting: RHB Johnny Salery
|
0-0: Called Strike 0-1: Called Strike 0-2: Foul Ball, location: 2F 0-2: Ball 1-2: Strikes out looking
|
Batting: SHB Jose Mercado
|
0-0: Ball 1-0: Foul Ball, location: 2F 1-1: Ball 2-1: Ball 3-1: DOUBLE (Line Drive, 7LS, EV 100.0 MPH)
|
Batting: RHB Chris Sabo
|
0-0: Ground out 4-3 (Groundball, 4S, EV 87.5 MPH) Jose Mercado to third
|
Batting: RHB Timothy Presko
|
0-0: Foul Ball, location: 2F 0-1: Ground out 6-3 (Groundball, 6M, EV 89.4 MPH)
|
Bottom of the 2nd over - 0 runs, 1 hit, 0 errors, 1 left on base; San Jose 0 - Stockton 1 |
TOP OF THE 3RD |
San Jose Bees batting - Pitching for Stockton Ports : RHP Bryn Smith
|
Batting: LHB Dale Weaver
|
0-0: Ball 1-0: Called Strike 1-1: Ground out 6-3 (Groundball, 6, EV 88.1 MPH)
|
Batting: RHB David Hoyt
|
0-0: SINGLE (Groundball, 4M, EV 104.4 MPH) (infield hit)
|
Batting: RHB Bill Pinkham
|
0-0: Ball Wild Pitch! David Hoyt to second 1-0: Ball 2-0: Called Strike 2-1: Ball 3-1: Called Strike 3-2: Strikes out swinging
|
Batting: RHB Anthony Laurenzi
|
0-0: Foul Ball, location: 2F 0-1: Ball 1-1: Swinging Strike 1-2: Ball 2-2: SINGLE (Groundball, 6MD, EV 102.5 MPH) David Hoyt to third Runner from 3rd tries for Home, SAFE, throw by CF to home Anthony Laurenzi to second
|
Batting: RHB Ron MacDonald
|
0-0: Foul Ball, location: 2F 0-1: Swinging Strike Passed Ball! Anthony Laurenzi to third 0-2: Ball 1-2: Ball 2-2: Strikes out looking
|
Top of the 3rd over - 1 run, 2 hits, 0 errors, 1 left on base; San Jose 1 - Stockton 1 |
BOTTOM OF THE 3RD |
Stockton Ports batting - Pitching for San Jose Bees : RHP Frank Wills
|
Batting: SHB Mike Hennessy
|
0-0: Ground out U3 (Groundball, 3L, EV 87.5 MPH)
|
Batting: RHB Ramon Valdez
|
0-0: Foul Ball, location: 2F 0-1: Called Strike 0-2: Foul Ball, location: 2F 0-2: Ball 1-2: Ball 2-2: Foul Ball, location: 2F 2-2: Foul Ball, location: 2F 2-2: Strikes out swinging
|
Batting: RHB Pasquale Raimondo
|
0-0: Called Strike 0-1: Ball 1-1: Ground out 6-3 (Groundball, 56, EV 81.9 MPH)
|
Bottom of the 3rd over - 0 runs, 0 hits, 0 errors, 0 left on base; San Jose 1 - Stockton 1 |
TOP OF THE 4TH |
San Jose Bees batting - Pitching for Stockton Ports : RHP Bryn Smith
|
Batting: LHB Stanley Davis
|
0-0: Ball 1-0: Ball 2-0: Ball 3-0: Base on Balls
|
Batting: RHB Ricky McMullen
|
0-0: SINGLE (Groundball, 4M, EV 97.5 MPH) (infield hit) Stanley Davis to second
|
Batting: RHB Michael Parker
|
0-0: SINGLE (Line Drive, 7LM, EV 110.6 MPH) Stanley Davis to third Ricky McMullen to second
|
Batting: RHB Timothy Wallace
|
0-0: Swinging Strike 0-1: Fly out, F7 (Flyball, 7S, EV 81.9 MPH)
|
Batting: LHB Dale Weaver
|
0-0: Swinging Strike 0-1: Foul Ball, location: 2F 0-2: Ball 1-2: Ground out 4-3 (Groundball, 34D, EV 103.1 MPH) Stanley Davis scores Ricky McMullen to third Michael Parker to second
|
Batting: RHB David Hoyt
|
0-0: Fly out, F9 (Flyball, 9LM, EV 82.5 MPH)
|
Top of the 4th over - 1 run, 2 hits, 0 errors, 2 left on base; San Jose 2 - Stockton 1 |
BOTTOM OF THE 4TH |
Stockton Ports batting - Pitching for San Jose Bees : RHP Frank Wills
|
Batting: LHB Christopher O'Brien
|
0-0: Called Strike 0-1: Ball 1-1: Foul Ball, location: 2F 1-2: Strikes out looking
|
Batting: SHB Tracy Edwards
|
0-0: Foul Ball, location: 2F 0-1: Ball 1-1: Foul Ball, location: 2F 1-2: SINGLE (Line Drive, 9S, EV 106.3 MPH)
|
Batting: RHB Johnny Salery
|
0-0: SINGLE (Line Drive, 89S, EV 93.8 MPH) Tracy Edwards to second Runner from 2nd tries for 3rd, SAFE, no throw by RF
|
Batting: SHB Jose Mercado
|
0-0: Ball 1-0: Foul Ball, location: 2F 1-1: Called Strike 1-2: Ball 2-2: Fielders Choice at 2nd, 3-6 (Groundball, 3S, EV 85.0 MPH) Tracy Edwards scores
|
Batting: RHB Chris Sabo
|
0-0: Swinging Strike Pickoff Throw to First - Out! 1-3
|
Bottom of the 4th over - 1 run, 2 hits, 0 errors, 0 left on base; San Jose 2 - Stockton 2 |
TOP OF THE 5TH |
San Jose Bees batting - Pitching for Stockton Ports : RHP Bryn Smith
|
Batting: RHB Bill Pinkham
|
0-0: Ball 1-0: Called Strike 1-1: Fly out, F8 (Flyball, 8RD, EV 98.8 MPH)
|
Batting: RHB Anthony Laurenzi
|
0-0: Foul Ball, location: 2F 0-1: Foul Ball, location: 2F 0-2: Strikes out swinging
|
Batting: RHB Ron MacDonald
|
0-0: Ground out 5-3 (Groundball, 56, EV 83.8 MPH)
|
Top of the 5th over - 0 runs, 0 hits, 0 errors, 0 left on base; San Jose 2 - Stockton 2 |
BOTTOM OF THE 5TH |
Stockton Ports batting - Pitching for San Jose Bees : RHP Frank Wills
|
Batting: RHB Chris Sabo
|
0-0: Fly out, F8 (Flyball, 78D, EV 104.4 MPH)
|
Batting: RHB Timothy Presko
|
0-0: Ball 1-0: SINGLE (Flyball, 89S, EV 93.1 MPH)
|
Batting: SHB Mike Hennessy
|
0-0: Ball 1-0: Called Strike Timothy Presko is caught stealing 2nd base 2-6 1-1: Foul Ball, location: 2F 1-2: Ground out 6-3 (Groundball, 6M, EV 102.5 MPH)
|
Bottom of the 5th over - 0 runs, 1 hit, 0 errors, 0 left on base; San Jose 2 - Stockton 2 |
TOP OF THE 6TH |
San Jose Bees batting - Pitching for Stockton Ports : RHP Bryn Smith
|
Batting: LHB Stanley Davis
|
0-0: Ball 1-0: Foul Ball, location: 2F 1-1: Called Strike 1-2: Fly out, F8 (Flyball, 8LD, EV 85.0 MPH)
|
Batting: RHB Ricky McMullen
|
0-0: Called Strike 0-1: Foul Ball, location: 2F 0-2: Ball 1-2: Ball 2-2: Ball 3-2: Foul Ball, location: 2F 3-2: Foul Ball, location: 2F 3-2: Base on Balls
|
Batting: RHB Michael Parker
|
0-0: Called Strike 0-1: Grounds into double play, 2-4-3 (Groundball, 15S, EV 63.1 MPH)
|
Top of the 6th over - 0 runs, 0 hits, 0 errors, 0 left on base; San Jose 2 - Stockton 2 |
BOTTOM OF THE 6TH |
Stockton Ports batting - Pitching for San Jose Bees : RHP Frank Wills
|
Batting: RHB Ramon Valdez
|
0-0: Ball 1-0: Ball 2-0: Ball 3-0: Called Strike 3-1: Reached on error, E9 (Flyball, 89D, EV 108.1 MPH)
|
Batting: RHB Pasquale Raimondo
|
0-0: Ball 1-0: Swinging Strike 1-1: Foul Ball, location: 2F 1-2: Foul Ball, location: 2F 1-2: Ball 2-2: Reached on error, E5 (Groundball, 5, EV 87.5 MPH) Ramon Valdez scores
|
Batting: LHB Christopher O'Brien
|
0-0: Ball Passed Ball! Pasquale Raimondo to third 1-0: Ball 2-0: Swinging Strike 2-1: Called Strike 2-2: Ball 3-2: Base on Balls
|
Batting: SHB Tracy Edwards
|
0-0: Ball 1-0: Called Strike 1-1: Grounds into double play, 4-6-3 (Groundball, 4M, EV 109.4 MPH) Pasquale Raimondo scores
|
Batting: RHB Johnny Salery
|
0-0: SINGLE (Groundball, 56, EV 103.8 MPH) (infield hit)
|
Batting: SHB Jose Mercado
|
0-0: Swinging Strike 0-1: Ball 1-1: Ball 2-1: Fly out, F8 (Flyball, 8LD, EV 93.8 MPH)
|
Bottom of the 6th over - 2 runs, 1 hit, 2 errors, 1 left on base; San Jose 2 - Stockton 4 |
TOP OF THE 7TH |
San Jose Bees batting - Pitching for Stockton Ports : RHP Bryn Smith
|
Batting: RHB Timothy Wallace
|
0-0: Ball 1-0: Called Strike 1-1: Foul Ball, location: 2F 1-2: Fly out, F6 (Flyball, 5D, EV 86.3 MPH)
|
Batting: LHB Dale Weaver
|
0-0: Ball 1-0: Ball 2-0: Called Strike 2-1: Foul Ball, location: 2F 2-2: Foul Ball, location: 2F 2-2: SINGLE (Groundball, 56D, EV 95.0 MPH)
|
Batting: RHB David Hoyt
|
0-0: Called Strike 0-1: Foul Ball, location: 2F 0-2: Ground out 6-3 (Groundball, 6, EV 95.6 MPH) Dale Weaver to second
|
Batting: RHB Bill Pinkham
|
0-0: Ball 1-0: Ground out 4-3 (Groundball, 4S, EV 65.6 MPH)
|
Top of the 7th over - 0 runs, 1 hit, 0 errors, 1 left on base; San Jose 2 - Stockton 4 |
BOTTOM OF THE 7TH |
Stockton Ports batting - Pitching for San Jose Bees : RHP Frank Wills
|
Batting: RHB Chris Sabo
|
0-0: Called Strike 0-1: Foul Ball, location: 2F 0-2: Ball 1-2: Ball 2-2: Ball 3-2: Strikes out swinging
|
Batting: RHB Timothy Presko
|
0-0: Called Strike 0-1: Called Strike 0-2: Foul Ball, location: 2F 0-2: Ball 1-2: Fly out, F8 (Flyball, 8LD, EV 79.4 MPH)
|
Batting: SHB Mike Hennessy
|
0-0: Ball 1-0: SINGLE (Flyball, 9LS, EV 93.8 MPH)
|
Batting: RHB Ramon Valdez
|
0-0: Ball Mike Hennessy steals 2nd base 1-0: Swinging Strike 1-1: Foul Ball, location: 2F 1-2: Strikes out swinging
|
Bottom of the 7th over - 0 runs, 1 hit, 0 errors, 1 left on base; San Jose 2 - Stockton 4 |
TOP OF THE 8TH |
San Jose Bees batting - Pitching for Stockton Ports : RHP Bryn Smith
|
Batting: RHB Anthony Laurenzi
|
0-0: Ball 1-0: Ball 2-0: Swinging Strike 2-1: Ball 3-1: Foul Ball, location: 2F 3-2: Base on Balls
|
Batting: RHB Ron MacDonald
|
0-0: Ball 1-0: Ball 2-0: Foul Ball, location: 2F 2-1: Fielders Choice at 2nd, 6-4 (Groundball, 6, EV 97.5 MPH)
|
Batting: LHB Stanley Davis
|
0-0: Called Strike 0-1: Foul Ball, location: 2F 0-2: Ball 1-2: Fly out, F7 (Flyball, 78M, EV 92.5 MPH)
|
Batting: RHB Ricky McMullen
|
0-0: SINGLE (Line Drive, 7LS, EV 95.6 MPH) Ron MacDonald to second
|
Batting: RHB Michael Parker
|
0-0: Ground out 1-3 (Groundball, 15S, EV 61.9 MPH)
|
Top of the 8th over - 0 runs, 1 hit, 0 errors, 2 left on base; San Jose 2 - Stockton 4 |
BOTTOM OF THE 8TH |
Stockton Ports batting - Pitching for San Jose Bees : RHP Frank Wills
|
Batting: RHB Pasquale Raimondo
|
0-0: Ball 1-0: Ball 2-0: Called Strike 2-1: Foul Ball, location: 2F 2-2: Ball 3-2: SINGLE (Groundball, 56D, EV 99.4 MPH)
|
Batting: LHB Christopher O'Brien
|
0-0: Ball 1-0: Foul Ball, location: 2F 1-1: Ball 2-1: Ball 3-1: Foul Ball, location: 2F 3-2: Strikes out looking Pasquale Raimondo steals 2nd base Batter strikes out.
|
Batting: SHB Tracy Edwards
|
0-0: Called Strike 0-1: Hit by Pitch
|
Batting: RHB Johnny Salery
|
0-0: Called Strike Pasquale Raimondo steals 3rd base (no throw) 0-1: Called Strike 0-2: Strikes out swinging
|
Batting: SHB Jose Mercado
|
0-0: Ball 1-0: Fly out, F8 (Flyball, 78D, EV 91.9 MPH)
|
Bottom of the 8th over - 0 runs, 1 hit, 0 errors, 2 left on base; San Jose 2 - Stockton 4 |
TOP OF THE 9TH |
San Jose Bees batting - Pitching for Stockton Ports : RHP Bryn Smith
|
Pitching: RHP Miguel Monrroy
|
|
Now at 1B: Randy Guerra
|
|
Now in LF: Daniel Hoskins
|
|
Now in RF: Eddie Lee
|
|
Batting: RHB Timothy Wallace
|
0-0: Ball 1-0: Swinging Strike 1-1: Fly out, F9 (Line Drive, 89D, EV 98.1 MPH)
|
Batting: LHB Dale Weaver
|
0-0: Ball 1-0: Ball 2-0: Called Strike 2-1: Ball 3-1: Base on Balls
|
Batting: RHB David Hoyt
|
0-0: Ball 1-0: Ground out 4-3 (Groundball, 34, EV 100.6 MPH) Dale Weaver to second
|
Batting: RHB Bill Pinkham
|
0-0: Swinging Strike 0-1: DOUBLE (Flyball, 78D, EV 108.1 MPH) Dale Weaver scores
|
Batting: RHB Anthony Laurenzi
|
0-0: Called Strike 0-1: Swinging Strike 0-2: Ball 1-2: Fly out, F9 (Flyball, 9, EV 82.5 MPH)
|
Top of the 9th over - 1 run, 1 hit, 0 errors, 1 left on base; San Jose 3 - Stockton 4 |
|